 Dungeon Crawl Stone Soup version 0.28-a0-577-gb193047a1f (webtiles) character file.

Game seed: 4725531670084716284

324 fiend the Conjurer (level 6, -2/24 HPs)
             Began as a Felid Conjurer on Oct 1, 2021.
             Was an Initiate of Sif Muna.
             Asphyxiated
             ... on level 4 of the Dungeon on Oct 2, 2021.
             The game lasted 00:13:40 (6061 turns).

fiend the Conjurer (Felid Conjurer)                 Turns: 6061, Time: 00:13:41

Health: -2/24      AC:  2    Str:  3    XL:     6   Next: 23%
Magic:  10/11      EV: 17    Int: 21    God:    Sif Muna [......]
Gold:   266        SH:  0    Dex: 15    Spells: 1/11 levels left
                                        Lives:  0   Deaths: 1

rFire   . . .      SeeInvis +   (weapon unavailable)
rCold   . . .      Faith    .   (shield unavailable)
rNeg    . . .      Spirit   .   (armour unavailable)
rPois   .          Reflect  .   (helmet unavailable)
rElec   .          Harm     .   (cloak unavailable)
rCorr   .          Rampage  .   (gloves unavailable)
Will    .....                   (boots unavailable)
Stlth   +++.......              (no amulet)
HPRegen 0.08/turn               (no ring)
MPRegen 0.12/turn               (no ring)

@: lethally poisoned (-2 -> -22), slowed, slow
A: reduced essence, very small, claws 1, fangs 3, see invisible, speed 1, shaggy
fur 2, stealthy paws, no weapons or thrown items, no armour, multi-lived
a: Renounce Religion


You were on level 4 of the Dungeon.
You worshipped Sif Muna.
Sif Muna was noncommittal.
You visited 2 branches of the dungeon, and saw 5 of its levels.

You collected 266 gold pieces.

Inventory:

Scrolls
 a - a scroll of noise {unknown}
 f - a scroll of torment
 g - a scroll of silence
 h - a scroll of acquirement {unknown}
 t - 2 scrolls of teleportation
Potions
 b - a potion of lignification
 c - a potion of mutation {unknown}
 e - 3 potions of flight


   Skills:
 - Level 2.6 Dodging
 - Level 5.0 Stealth
 - Level 3.0 Spellcasting
 - Level 6.0 Conjurations
 + Level 4.8 Hexes


You had one spell level left.
You knew the following spells:

 Your Spells              Type           Power      Damage    Failure   Level
a - Magic Dart            Conj           100%       1d8       1%          1
b - Searing Ray           Conj           56%        2d6       1%          2
c - Fulminant Prism       Conj/Hex       13%        3d9       14%         4
d - Dazzling Flash        Conj/Hex       52%        N/A       4%          3

Your spell library contained the following spells:

 Spells                   Type           Power      Damage    Failure   Level
 Summon Guardian Golem    Hex/Summ       13%        N/A       14%         3
 Iskenderun's Mystic Bla  Conj/Tloc      15%        2d5       36%         4
 Orb of Destruction       Conj           14%        9d7       100%        7
 Spellforged Servitor     Conj/Summ      7%         N/A       100%        7
 Borgnjor's Revivificati  Necr           1%         N/A       100%        8
 Necromutation            Tmut/Necr      1%         N/A       100%        8
 Death's Door             Necr           1%         N/A       100%        9


Dungeon Overview and Level Annotations

Branches:
Dungeon (4/15)             Temple (1/1) D:4

Altars:
Ashenzari
Dithmenos
Elyvilon
Fedhas
Gozag
Hepliaklqana
Kikubaaqudgha
Makhleb
Nemelex Xobeh
Okawaru
Qazlal
Ru
Sif Muna
Trog
Wu Jian
Xom
Yredelemnul
Zin

Shops:
D:4 (

Annotations:
D:3 Sigmund


Innate Abilities, Weirdness & Mutations

Your life essence is reduced to manifest your ancestor. (-10% HP)
You have sharp claws.
You have razor-sharp teeth.
You have supernaturally acute eyesight. (SInv)
You cover ground quickly. (Speed+)
You are covered in thick fur. (AC +2)
Your paws help you pounce on unaware monsters.
You are incapable of wielding weapons or throwing items.
You cannot wear armour.
You gain extra lives every three experience levels.


Message History

You can't see any susceptible monsters within range! (Use Z to cast anyway.)
You now have 256 gold pieces (gained 14).
You open the door.
Found Muqez's Weapon Boutique.
MP restored: 11 You can't see any susceptible monsters within range! (Use Z to cast anyway.)
There is an open door here.
There is an entrance to Muqez's Weapon Boutique here.
e - 3 potions of flight (gained 1)
There is an entrance to Muqez's Weapon Boutique here.
You now have 266 gold pieces (gained 10).
As you open the door, it creaks loudly!
There is an open door here.
You open the door.
There is an open door here.
There is an open door here.
You see here a ball python corpse.
You see here a ball python corpse.
A kobold brigand is nearby!
The magic dart hits the kobold brigand but does no damage.
The kobold brigand throws a curare-tipped dart.
The curare-tipped dart hits you.
You are poisoned.
You have difficulty breathing.
You feel yourself slow down.
You take 10 damage, and have 14/24 hp.
MASSIVE DAMAGE!!
You now have 10/11 mp.
You feel very sick.
You take 3 damage, and have 11/24 hp.
You feel sick.
You take 2 damage, and have 9/24 hp.
You feel sick.
You take 2 damage, and have 7/24 hp.
You feel sick.
The kobold brigand throws a curare-tipped dart.
The curare-tipped dart hits you.
You are lethally poisoned!
You have difficulty breathing.
You die...

#....... #.......
#K...... #.......
########.......
#.########........ #.
#.......##........ #.
....######.##........
#. . .K.....@.#........
#. ..#...............
## ###....#........
#....#........
#.[.#.######### #####
#.###.### ######...#
...#.....# #....+...'
#####.#.#.####.####...#
#...#.#.##...###....#


You could see a kobold brigand.

Vanquished Creatures
  A scorpion (D:4)
  2 hounds
  2 gnoll shamans (D:3)
  An iguana (D:3)
  18 gnolls (D:3)
  A white imp (D:3)
  A worm (D:3)
  3 dart slugs
  18 orcs
  10 ball pythons
  5 bats
  8 endoplasms
  2 giant cockroaches
  7 goblins
  9 hobgoblins
  11 jackals
  2 quokkas
  13 frilled lizards
  6 kobolds
  3 rats
123 creatures vanquished.

Vanquished Creatures (others)
  8 plants
8 creatures vanquished.

Grand Total: 131 creatures vanquished

Notes
Turn   | Place    | Note
-------+----------+-------------------------------------------
     0 | D:1      | fiend the Felid Conjurer began the quest for the Orb.
     0 | D:1      | Reached XP level 1. HP: 7/7 MP: 4/4
    33 | D:1      | Saving game... please wait.
   226 | D:1      | Reached XP level 2. HP: 11/11 MP: 4/6
   383 | D:1      | Learned a level 2 spell: Searing Ray
   440 | D:1      | Reached skill level 4 in Conjurations
   741 | D:1      | Reached XP level 3. HP: 14/14 MP: 3/7
  1184 | D:2      | Found an iron altar of Okawaru.
  1297 | D:2      | Reached XP level 4. HP: 18/18 MP: 6/8
  1853 | D:2      | Reached skill level 5 in Stealth
  2201 | D:3      | Noticed Sigmund
  2409 | D:3      | Found a faded altar of an unknown god.
  2793 | D:3      | Noticed a gnoll sergeant
  2823 | D:3      | Reached skill level 5 in Conjurations
  2826 | D:3      | Reached XP level 5. HP: 21/21 MP: 1/9
  3273 | D:3      | Found a sparkling altar of Nemelex Xobeh.
  3771 | D:3      | Learned a level 4 spell: Fulminant Prism
  3775 | D:3      | Learned a level 3 spell: Dazzling Flash
  3775 | D:3      | Saving game... please wait.
  3866 | D:3      | Reached skill level 1 in Hexes
  3866 | D:3      | Gained mutation: You are covered in thick fur. (AC +2)
                  | [Felid growth]
  3866 | D:3      | Reached XP level 6. HP: 24/24 MP: 4/11
  5054 | D:3      | HP: 1/24 [gnoll sergeant (2)]
  5058 | D:3      | Slain by a gnoll sergeant
  5059 | D:3      | Reached XP level 5. HP: -4/21 MP: 10/10
  5091 | D:3      | Reached skill level 6 in Conjurations
  5491 | D:4      | Reached XP level 6. HP: 24/24 MP: 3/11
  5573 | D:4      | Found a glowing silver altar of Zin.
  5645 | D:4      | Found a staircase to the Ecumenical Temple.
  5653 | Temple   | Entered the Ecumenical Temple
  5827 | Temple   | Saving game... please wait.
  5858 | Temple   | Became a worshipper of Hepliaklqana the Forgotten
  5870 | Temple   | Fell from the grace of Hepliaklqana
  5870 | Temple   | Became a worshipper of Sif Muna the Loreminder
  5969 | D:4      | Found Muqez's Weapon Boutique.
  6061 | D:4      | Asphyxiated

Illustrated notes

Levels and vault maps discovered:
D:1:      kennysheep_arrival_forest, layout_rooms, minmay_tetromino_t4
D:2:      layout_loops_cross, basic_altar, minmay_lizard_king
D:3:      lemuel_castle_with_subvaults [lemuel_castle_interior_original],
          layout_loops_corners, nemelex_dance_club_becter,
          basic_ecumenical_altar, uniq_sigmund
D:4:      layout_basic, mainiacjoe_overflow_six_doors_small,
          minmay_temple_entry_mist, serial_shops, kennysheep_little_box
Temple:   eino_temple_scatter_basement

Skill      XL: |  1  2  3  4  5  6 |
---------------+-------------------+-----
Stealth        | 3 4 5 |  5.0
Conjurations   | 4 5 6 |  6.0
Spellcasting   | 3 |  3.0
Hexes          | 4 2 |  4.8
Dodging        | |  2.6

Action                   |  1- 3 |  4- 6 || total
-------------------------+-------+-------++-------
Melee: Unarmed           |     1 |    13 ||    14
 Cast: Magic Dart        |    54 |   161 ||   215
       Searing Ray       |     2 |    24 ||    26
  Use: Scroll            |       |     5 ||     5
Dodge: Dodged            |     2 |    26 ||    28

Table legend: (Time is in decaauts)
 A = Elapsed time spent in this place.
 B = Non-inter-level travel time spent in this place.
 C = Inter-level travel time spent in this place.
 D = Time resting spent in this place.
 E = Time spent auto-exploring this place.
 F = Levels seen in this place.
 G = Mean time per level.
                   A        B        C        D        E       F      G
               +--------+--------+--------+--------+--------+-----+--------+
         Total |   5447 |   5280 |    167 |   1522 |   2771 |   5 | 1089.4 |
       Dungeon |   5263 |   5137 |    126 |   1522 |   2643 |   4 | 1315.8 |
        Temple |    183 |    142 |     41 |      0 |    128 |   1 |  183.0 |
               +--------+--------+--------+--------+--------+-----+--------+

Top non-repeatable levels by time:
     D:3: 2984 daAuts
     D:2: 994 daAuts
     D:1: 949 daAuts
     D:4: 335 daAuts
  Temple: 183 daAuts
